 Dungeon Crawl Stone Soup version 0.32-a0-43-g058985b245 (webtiles) character file.

Game seed: 4832299556457417671

101 Ceno the Sneak (level 4, -3/24 HPs)
             Began as a Vampire Enchanter on Feb 4, 2024.
             Slain by an adder (4 damage)
             ... on level 3 of the Dungeon.
             The game lasted 00:08:58 (2946 turns).

Ceno the Sneak (Vampire Enchanter)                  Turns: 2946, Time: 00:08:59

Health: -3/24      AC:  3    Str:  7    XL:     4   Next: 48%
Magic:  3/17       EV:  9    Int: 19    God:
Gold:   50         SH:  0    Dex: 14    Spells: 0/8 levels left

rFire   + . .        a - +1 dagger
rCold   + . .        (no shield)
rNeg    + + +        b - +0 robe
rPois   ∞            (no helmet)
rElec   .            (no cloak)
rCorr   .            (no gloves)
SInv    +            m - +0 pair of boots
Will    .....        (no amulet)
Stlth   +++++        h - ring of magical power
HPRegen 0.00/turn    q - ring of fire
MPRegen 0.15/turn

%: no passive effects
@: confusing by touch, bloodless, inhibited regen, constricted
A: bloodless, fangs 3, see invisible, vampiric 2
a: Bat Form, Revivify


You were on level 3 of the Dungeon.
You visited 1 branch of the dungeon, and saw 3 of its levels.

You collected 50 gold pieces.

Inventory:

Hand Weapons
 a - a +1 dagger (weapon)
 g - a +0 scimitar
Armour
 b - a +0 robe (worn)
 j - a +0 ring mail
 m - a +0 pair of boots (worn)
Jewellery
 h - a ring of magical power (left hand)
 q - a ring of fire (right hand)
Scrolls
 i - 2 scrolls of identify {unknown}
 k - 2 scrolls of teleportation {unknown}
 l - 2 scrolls of poison {unknown}
 o - 3 scrolls of immolation {unknown}
Potions
 c - 2 potions of invisibility
 d - 4 potions of curing {unknown}
 e - a potion of might {unknown}
 f - a potion of haste {unknown}
 n - 2 potions of brilliance {unknown}
 p - a potion of attraction {unknown}


   Skills:
 - Level 1.1 Short Blades
 - Level 2.1 Dodging
 + Level 5.9 Stealth
 + Level 2.9 Spellcasting
 + Level 5.8 Hexes


You couldn't memorise any spells.
You knew the following spells:

 Your Spells              Type           Power      Damage    Failure   Level
a - Ensorcelled Hibernat  Hex/Ice        26%        N/A       7%          2
b - Confusing Touch       Hex            25%        N/A       4%          3
c - Tukima's Dance        Hex            25%        N/A       4%          3

Your spell library contained the following spells:

 Spells                   Type           Power      Damage    Failure   Level
 Dazzling Flash           Conj/Hex       26%        N/A       14%         3


Dungeon Overview and Level Annotations

Branches:
Dungeon (3/15)

Altars:

Portals:
Sewer: D:3

Annotations:
D:2 Natasha


Innate Abilities, Weirdness & Mutations

You do not regenerate when monsters are visible.
You are frail without blood (-20% HP).
You can heal yourself when you bite living creatures.
You are immune to poison.
You have razor-sharp teeth.
You have supernaturally acute eyesight. (SInv)
You are afflicted with vampirism and can become a bat while bloodless.


Message History

Casting: Ensorcelled Hibernation (safe; 7% risk of failure)
Confirm with . or Enter, or press ? or * to list all spells.
Aiming: Ensorcelled Hibernation (safe; 7% risk of failure)
Press: ? - help, Shift-Dir - straight line, f/p - river rat
Aim: a river rat (chance to affect: 55%)
The river rat resists with significant effort.
The river rat misses you. The adder bites you.
Casting: Ensorcelled Hibernation (safe; 7% risk of failure)
Confirm with . or Enter, or press ? or * to list all spells.
Aiming: Ensorcelled Hibernation (safe; 7% risk of failure)
Press: ? - help, Shift-Dir - straight line, f/p - river rat
Aim: a river rat (chance to affect: 55%)
The river rat looks drowsy...
The adder barely misses you. The adder bites you but does no damage.
The helpless river rat fails to defend itself.
You bite the river rat, and draw its blood!
You feel better.
You impale the river rat!!
You kill the river rat!
The ball python hisses angrily.
The adder bites you but does no damage.
Casting: Ensorcelled Hibernation (safe; 7% risk of failure)
Confirm with . or Enter, or press ? or * to list all spells.
Your hands begin to glow red.
The adder bites you.
The ball python bites you but does no damage.
The ball python grabs you. The ball python constricts you.
You barely miss the adder. The adder barely misses you.
The ball python bites you. The ball python constricts you.
You barely miss the adder. The adder completely misses you.
The ball python bites you. The ball python constricts you. The adder bites you.
You closely miss the adder. The ball python bites you.
* * * LOW HITPOINT WARNING * * *
The ball python constricts you.
* * * LOW HITPOINT WARNING * * *
The adder bites you.
* * * LOW HITPOINT WARNING * * *
You closely miss the adder. Your bite misses the adder.
The ball python closely misses you. The ball python constricts you.
* * * LOW HITPOINT WARNING * * *
The adder bites you.
You die...

.........######.##
>.<......# #.##
.........######..#
..............$.#
...............#
.........~~~...#
...>....~~~~~..#
.......†~~∩~~..#
.......@S~~~~...#
#.....S†.~~~....#
+...............#
#...............#
................
..............#
............###
.....#......#


You could see an adder and a ball python.

Vanquished Creatures
  Terence (D:2)
  3 adders (D:2)
  A river rat (D:3)
  A ribbon worm (D:2)
  A dart slug (D:1)
  3 ball pythons
  2 endoplasms (D:1)
  2 giant cockroaches
  2 hobgoblins
  4 jackals
  4 kobolds
  A quokka (D:2)
  2 bats (D:1)
  4 goblins
  5 rats
36 creatures vanquished.

Notes
Turn   | Place    | Note
-------+----------+-------------------------------------------
     0 | D:1      | Ceno the Vampire Enchanter began the quest for the Orb.
     0 | D:1      | Reached XP level 1. HP: 13/13 MP: 3/3
   419 | D:1      | Reached XP level 2. HP: 19/19 MP: 5/5
   422 | D:1      | Learned a level 2 spell: Ensorcelled Hibernation
   688 | D:1      | Reached skill level 5 in Hexes
  1030 | D:1      | Reached skill level 5 in Stealth
  1133 | D:2      | Noticed Terence
  1141 | D:2      | Gained mutation: You are afflicted with vampirism and can
                  | become a bat while bloodless. [Vampire growth]
  1141 | D:2      | Reached XP level 3. HP: 19/19 MP: 3/6
  1174 | D:2      | Killed Terence
  1201 | D:1      | Learned a level 3 spell: Confusing Touch
  1311 | D:2      | Noticed Natasha
  1437 | D:2      | Reached XP level 4. HP: 24/24 MP: 8/8
  2916 | D:3      | Learned a level 3 spell: Tukima's Dance
  2921 | D:3      | Found a glowing drain.
  2946 | D:3      | HP: 1/24 [constriction (1)]
  2946 | D:3      | Slain by an adder

Illustrated notes

Levels and vault maps discovered:
D:1:      scummos_arrival_simple_crosswalls, layout_basic
D:2:      layout_loops_ring, serial_co_window_serial, co_window_corner_a,
          co_window_of_opportunity_a, co_window_paths_b, co_window_paths_a,
          co_window_corner_a, co_window_corner_a, co_window_corner_a,
          co_window_corner_ca, co_window_paths_c, co_window_of_opportunity_b,
          co_window_broadway_c, co_window_paths_c, co_window_unsneaky_path_a,
          co_window_corner_cb, co_window_4corner_a, glass_columns_a,
          glass_columns_b, glass_columns_c, uniq_natasha,
          uniq_crazy_yiuf_cottage, uniq_terence
D:3:      layout_rooms, serial_shops, nicolae_shop_behind_doors,
          portal_sewer_entry_a

Skill      XL: |  1  2 |
---------------+-------+-----
Hexes          | 5 |  5.8
Stealth        | 5 |  5.9
Short Blades   | |  1.1
Dodging        | |  2.1
Spellcasting   | |  2.9

Action                     |  1- 3 |  4- 6 || total
---------------------------+-------+-------++-------
  Melee: Dagger            |    35 |    33 ||    68
         Bite              |     2 |     4 ||     6
         Punch             |       |     1 ||     1
   Cast: Ensorcelled Hiber |    12 |     7 ||    19
         Confusing Touch   |     2 |     6 ||     8
Ability: Exsanguinate      |     1 |       ||     1
   Stab: Sleeping          |    15 |     9 ||    24
         Confused          |     1 |     2 ||     3
 Armour: Robe              |    10 |    23 ||    33
  Dodge: Dodged            |    18 |    18 ||    36

Table legend: (Time is in decaauts)
 A = Elapsed time spent in this place.
 B = Non-inter-level travel time spent in this place.
 C = Inter-level travel time spent in this place.
 D = Time resting spent in this place.
 E = Time spent auto-exploring this place.
 F = Levels seen in this place.
 G = Mean time per level.
                   A        B        C        D        E       F      G
               +--------+--------+--------+--------+--------+-----+--------+
         Total |   2942 |   2859 |     83 |    253 |   1507 |   3 |  980.7 |
       Dungeon |   2942 |   2859 |     83 |    253 |   1507 |   3 |  980.7 |
               +--------+--------+--------+--------+--------+-----+--------+

Top non-repeatable levels by time:
     D:2: 1663 daAuts
     D:1: 1150 daAuts
     D:3: 128 daAuts
